 Dungeon Crawl Stone Soup version 0.28.0-45-g0d030f2227 (webtiles) character file.

Game seed: 11703096901406726639

139 pkoi the Charlatan (level 4, -3/34 HPs)
             Began as a Demigod Artificer on Apr 11, 2022.
             Slain by an iguana (13 damage)
             ... on level 4 of the Dungeon.
             The game lasted 00:04:18 (6050 turns).

pkoi the Charlatan (Demigod Artificer)              Turns: 6050, Time: 00:04:18

Health: -3/34      AC:  4    Str: 17    XL:     4   Next: 70%
Magic:  8/8        EV: 11    Int: 13    God:
Gold:   189        SH:  0    Dex: 14    Spells: 3/5 levels left

rFire   + . .      SeeInvis .   t - +0 short sword (vorpal)
rCold   . . .      Faith    .   (no shield)
rNeg    . . .      Spirit   .   b - +1 leather armour
rPois   .          Reflect  .   (no helmet)
rElec   .          Harm     .   (no cloak)
rCorr   .          Rampage  .   (no gloves)
Will    .....                   (no boots)
Stlth   +.........              (no amulet)
HPRegen 0.11/turn               f - ring of protection from fire
MPRegen 0.11/turn               (no ring)

@: no status effects
A: high MP 1, forlorn, divine attributes
a: no special abilities


You were on level 4 of the Dungeon.
You visited 1 branch of the dungeon, and saw 4 of its levels.

You collected 189 gold pieces.

Inventory:

Hand Weapons
 a - a +0 club
 t - a +0 vorpal short sword (weapon)
Missiles
 s - 5 boomerangs
Armour
 b - a +1 leather armour (worn)
 m - an orb of mayhem
Jewellery
 f - a ring of protection from fire (left hand)
 k - an amulet of magic regeneration
Wands
 c - a wand of flame (3) (quivered)
 d - a wand of charming (15)
 n - a wand of iceblast (12)
Scrolls
 g - a scroll of teleportation
 h - a scroll of holy word {unknown}
 i - a scroll of fear
 j - a scroll of identify
Potions
 l - 2 potions of heal wounds {unknown}
 p - a potion of invisibility {unknown}
 q - a potion of curing
 r - a potion of brilliance {unknown}
 u - a potion of attraction {unknown}
 v - a potion of berserk rage {unknown}
Miscellaneous
 e - a piece from Xom's chessboard (14/15)


   Skills:
 - Level 0.8 Fighting
 - Level 1.7 Armour
 - Level 0.8 Dodging
 - Level 0.8 Stealth
 + Level 1.0 Spellcasting
 + Level 1.0 Air Magic
 + Level 1.0 Poison Magic
 + Level 4.6 Evocations


You had 3 spell levels left.
You knew the following spells:

 Your Spells              Type           Power      Damage    Failure   Level
a - Poisonous Vapours     Pois/Air       6%         N/A       32%         2

Your spell library contained the following spells:

 Spells                   Type           Power      Damage    Failure   Level
 Corpse Rot               Necr/Air       4%         N/A       38%         2


Dungeon Overview and Level Annotations

Branches:
Dungeon (4/15)
 Temple: D:4-7

Shops:
D:3 [

Annotations:
D:4 2 transporters, pkoi's ghost, amateur DgAr


Innate Abilities, Weirdness & Mutations

You have an increased reservoir of magic. (+10% MP)
You shall have no god before yourself.
Your divine heritage dramatically boosts your attributes as you level up.


Message History

The adder hisses angrily.
The killer bee buzzes angrily.
Found a transporter.
You now have 181 gold pieces (gained 8).
h - a scroll labelled LUTEVYIDEM
Found a stone staircase leading down.
You now have 189 gold pieces (gained 8).
k - an amulet of magic regeneration
There is a stone staircase leading down here.
Found a stone staircase leading down.
There is a stone staircase leading down here.
Found a stone staircase leading up.
n - a wand of iceblast (12)
There is a stone staircase leading up here.
An iguana comes into view.
An iguana is nearby!
An iguana is nearby!
You hit the iguana.
The iguana is lightly wounded.
The iguana bites you!
* * * LOW HITPOINT WARNING * * *
You closely miss the iguana.
The iguana is lightly wounded.
The iguana bites you.
* * * LOW HITPOINT WARNING * * *
You hit the iguana.
The iguana is heavily wounded.
The iguana closely misses you.
You barely miss the iguana. Your punch misses the iguana.
The iguana is heavily wounded.
The iguana bites you.
* * * LOW HITPOINT WARNING * * *
You hit the iguana but do no damage.
The iguana is heavily wounded.
The iguana bites you!
* * * LOW HITPOINT WARNING * * *
You hit the iguana.
The iguana is severely wounded.
The iguana bites you!
You die...

8#.... #..# ##....
#..# #...... ##.#
....... #.# ....
#.###########
.....#####.##.........
..........>##.........
....###.#.##.........
........#.#..@l......
####..#.#.#.#########
#.#####.#.#..........
..........###.#######
.###.........#...#
#.#.#######.#.#
#.............#
########.#######.###
........<..# #.#


You could see an iguana.

Vanquished Creatures
  A scorpion (D:3)
  3 adders
  2 worms (D:3)
  A dart slug (D:3)
  4 endoplasms
  4 giant cockroaches
  7 goblins
  2 hobgoblins (D:1)
  4 kobolds
  A quokka (D:3)
  5 ball pythons
  6 bats
  3 frilled lizards
  3 rats
46 creatures vanquished.

Notes
Turn   | Place    | Note
-------+----------+-------------------------------------------
     0 | D:1      | pkoi the Demigod Artificer began the quest for the Orb.
     0 | D:1      | Reached XP level 1. HP: 15/15 MP: 3/3
   343 | D:1      | Reached skill level 3 in Evocations
   588 | D:1      | Reached XP level 2. HP: 21/22 MP: 4/4
  1926 | D:2      | Reached XP level 3. HP: 22/27 MP: 5/5
  2168 | D:2      | Reached skill level 4 in Evocations
  3699 | D:3      | Learned a level 2 spell: Poisonous Vapours
  3748 | D:3      | Noticed a scorpion
  3759 | D:3      | Killed a scorpion
  3760 | D:3      | Reached XP level 4. HP: 24/34 MP: 5/7
  3983 | D:3      | Reached skill level 1 in Air Magic
  3983 | D:3      | Reached skill level 1 in Poison Magic
  4896 | D:3      | Found Cutacoogh's Armour Boutique.
  5370 | D:3      | Reached skill level 1 in Spellcasting
  5881 | D:4      | Noticed pkoi's ghost (amateur DgAr)
  5882 | D:4      | Found a transporter.
  5891 | D:4      | Found a transporter.
  6050 | D:4      | Slain by an iguana

Illustrated notes

Levels and vault maps discovered:
D:1:      lightli_arrival_farm, layout_loops_ring,
          hangedman_decor_clover_reticule
D:2:      layout_rooms, basic_altar, nicolae_ecumenical_snake_handling,
          item_on_display_a
D:3:      layout_basic, serial_shops, nicolae_shop_behind_doors,
          minmay_fractal_squares_diagonal_5
D:4:      layout_basic, gammafunk_ghost_arena, kennysheep_pointless_box,
          chequers_serial_rivers_marsh

Skill      XL: |  1  2  3  4 |
---------------+-------------+-----
Evocations     | 3 4 |  4.6
Air Magic      | 1 |  1.0
Poison Magic   | 1 |  1.0
Spellcasting   | 1 |  1.0
Fighting       | |  0.8
Armour         | |  1.7
Dodging        | |  0.8
Stealth        | |  0.8

Action                   |  1- 3 |  4- 6 || total
-------------------------+-------+-------++-------
Melee: Club              |   155 |    24 ||   179
       Short sword       |       |    31 ||    31
       Punch             |       |     1 ||     1
Evoke: Wand              |     9 |     3 ||    12
       Piece from Xom's  |     1 |     1 ||     2
  Use: Scroll            |       |     7 ||     7
 Stab: Sleeping          |     2 |     1 ||     3
Armor: Leather armour    |    64 |     3 ||    67
Dodge: Dodged            |   136 |    26 ||   162
